 Dungeon Crawl Stone Soup version 0.23-a0-296-ga3b1b28ecf (webtiles) character file.

50206 Holzbalken the Black Belt (level 14, -6/110 HPs)
             Began as a Demonspawn Gladiator on Oct 5, 2018.
             Was an Elder of Ashenzari.
             Killed from afar by a tengu conjurer (21 damage)
             ... with a bolt of lightning
             ... summoned by a boggart
             ... on level 15 of the Dungeon.
             The game lasted 01:17:43 (22206 turns).

Holzbalken the Black Belt (Demonspawn Gladiator)   Turns: 22206, Time: 01:17:44

Health: -6/110     AC: 21    Str: 17    XL:     14   Next: 18%
Magic:  0/14       EV:  7    Int: 10    God:    Ashenzari [****..]
Gold:   1011       SH:  0    Dex: 17    Spells: 13/13 levels left

rFire    . . .     SeeInvis +     - Unarmed
rCold    . . .     Gourm    .   (no shield)
rNeg     . . .     Faith    .   y - +2 plate armour (curse)
rPois    .         Spirit   +   (helmet restricted)
rElec    .         Reflect  .   j - +0 cloak
rCorr    .         Harm     .   (gloves unavailable)
MR       +....     Clarity  +   (no boots)
Stlth    ..........             (no amulet)
HPRegen  0.28/turn              p - +2 ring of protection (curse)
MPRegen  0.28/turn              a - +2 ring of protection (curse)

@: slowed, very slow
A: claws 3, horns 2, talons 2, demonic guardian 1, magic shield, magic
regeneration
a: Curse Item, Scrying, Renounce Religion


You were on level 15 of the Dungeon.
You worshipped Ashenzari.
Ashenzari was greatly pleased with you.
You were not hungry.

You visited 2 branches of the dungeon, and saw 16 of its levels.
You also visited: Bailey.

You collected 1011 gold pieces.

Inventory:

Missiles
 d - 6 throwing nets
 w - 74 tomahawks of returning (quivered)
Armour
 j - a +0 cloak (worn)
 y - a cursed +2 plate armour (worn)
Jewellery
 a - a cursed +2 ring of protection (right claw)
 p - a cursed +2 ring of protection (left claw)
 s - an uncursed ring of resist corrosion
 E - an uncursed amulet of the acrobat
 G - a +4 ring of dexterity
Wands
 u - a wand of clouds (3)
 B - a wand of acid (9)
 C - a wand of iceblast (21)
Scrolls
 c - a scroll of vulnerability {unknown}
 e - 3 scrolls of enchant weapon
 g - 7 scrolls of remove curse
 k - 3 scrolls of immolation
 l - 2 scrolls of magic mapping
 n - 2 scrolls of fear
 t - 6 scrolls of teleportation
 H - 2 scrolls of enchant armour
 J - a scroll of blinking
 L - a scroll of identify
 M - a scroll of acquirement {unknown}
Potions
 b - a potion of cancellation
 h - 9 potions of curing
 i - 3 potions of resistance
 m - a potion of invisibility
 o - 3 potions of brilliance
 q - a potion of ambrosia {unknown}
 v - a potion of haste
 x - 3 potions of flight
 z - 2 potions of might
 A - 4 potions of mutation
 D - a potion of berserk rage {unknown}
 F - 4 potions of magic
 I - 3 potions of agility
Comestibles
 f - 30 rations
 K - 5 chunks of flesh


   Skills:
 + Level 10.3 Fighting
   Level 4.5 Maces & Flails
 - Level 1.7 Throwing
 + Level 9.8 Armour
 - Level 2.6 Dodging
 * Level 16.8 Unarmed Combat


You had 13 spell levels left.
You didn't know any spells.
Your spell library contained the following spells:

 Spells                   Type           Power        Failure   Level  Hunger
 Apportation              Tloc           #.....       100%        1    ##.....
 Beastly Appendage        Tmut           #.....       100%        1    ##.....
 Corona                   Hex            #......      100%        1    ##.....
 Pain                     Necr           #...         100%        1    ##.....
 Shock                    Conj/Air       #...         100%        1    ##.....
 Summon Butterflies       Summ           #.......     100%        1    ##.....
 Corpse Rot               Necr           N/A          100%        2    ###....
 Ensorcelled Hibernation  Hex/Ice        #.....       100%        2    ###....
 Slow                     Hex            #.......     100%        2    ###....
 Sticks to Snakes         Tmut           #.......     100%        2    ###....
 Sublimation of Blood     Necr           #.........   100%        2    ###....
 Inner Flame              Hex/Fire       #.......     100%        3    ####...
 Lesser Beckoning         Tloc           #.........   100%        3    ####...
 Portal Projectile        Hex/Tloc       #.....       100%        3    ####...
 Spider Form              Tmut/Pois      #.........   100%        3    ####...
 Tukima's Dance           Hex            #.......     100%        3    ####...
 Cause Fear               Hex            #.........   100%        4    #####..
 Ice Form                 Ice/Tmut       #.......     100%        4    #####..
 Leda's Liquefaction      Hex/Erth       #.........   100%        4    #####..
 Agony                    Necr           #.......     100%        5    ######.
 Alistair's Intoxication  Tmut/Pois      #.......     100%        5    ######.
 Blade Hands              Tmut           #.........   100%        5    ######.
 Bolt of Draining         Conj/Necr      #.........   100%        5    ######.
 Borgnjor's Vile Clutch   Necr/Erth      #.........   100%        5    ######.
 Dispel Undead            Necr           #.......     100%        5    ######.
 Excruciating Wounds      Chrm/Necr      #.........   100%        5    ######.
 Silence                  Hex/Air        #.........   100%        5    ######.
 Yara's Violent Unravell  Hex/Tmut       #.........   100%        5    ######.
 Conjure Ball Lightning   Conj/Air       #.........   100%        6    #######
 Darkness                 Hex            #.........   100%        6    #######
 Hydra Form               Tmut           #.........   100%        6    #######
 Invisibility             Hex            #.......     100%        6    #######
 Shadow Creatures         Summ           N/A          100%        6    #######


Dungeon Overview and Level Annotations

Branches:
Dungeon (15/15)            Temple (1/1) D:5            Lair (0/6) D:11
    Orc (0/2) D:12         Vaults (0/5) D:14
 Depths: D:15

Altars:
Ashenzari
Cheibriados
Dithmenos
Elyvilon
Fedhas
Gozag
Hepliaklqana
Kikubaaqudgha
Makhleb
Nemelex Xobeh
Okawaru
Qazlal
Ru
Sif Muna
Trog
Uskayaw
Vehumet
Wu Jian
Xom
Yredelemnul
Zin
The Shining One
Beogh

Shops:
D:10 =   D:13 %


Innate Abilities, Weirdness & Mutations

You have claws for hands.
You have a pair of horns on your head.
You have razor-sharp toenails.
A weak demonic guardian rushes to your aid.
When hurt, damage is shared between your health and your magic reserves.
You regenerate magic rapidly.


Message History

Your ufetubus disappears in a puff of smoke!
Your shadow imp barely misses the tengu conjurer.
A boggart comes into view.
The boggart closely misses you.
You hear a croak.
The tengu conjurer blocks your attack.
Your kick misses the tengu conjurer.
Your shadow imp closely misses the tengu conjurer.
Your shadow imp hits the tengu conjurer.
The boggart casts a spell.
The boggart barely misses you.
A bullfrog comes into view.
The tengu conjurer hits you but does no damage.
The tengu conjurer pecks you but does no damage.
The tengu conjurer closely misses you.
Your shadow imp completely misses the tengu conjurer. x2
The tengu conjurer gestures at you while chanting.
The bolt of lightning hits you!
* * * LOW HITPOINT WARNING * * *
The bolt of lightning hits you!
You die...

#.# #.# * * *#
**#.# , , , . #.#
,* * *#. #.# *,*
#####(##)###### *
*#......)......#
* *,
,..###.#5.Q###...
*, * ** #...Q@.#
* * * * *
*#.#.5g## * ,
,,...##.## ,,
*,** ###* #H# * *
, ,* #g# , ,, **
***,* #c# ,*, ,*
, ,*, ** * * .g{
*,* * , ,* * .F ,
,, ,* * .. * *


You could see a tengu warrior, a centaur warrior, a manticore, a tengu conjurer,
a bullfrog, 3 boggarts and 2 friendly shadow imps.

Vanquished Creatures
  Harold (D:7)
  A catoblepas (D:14)
  4 centaur warriors
  2 dancing weapons (D:14)
  5 two-headed ogres
  A tengu warrior (D:13)
  An ogre mage (D:15)
  A death drake (shapeshifter) (D:15)
  2 unseen horrors
  4 wizards (D:15)
  Pikel (D:6)
  9 ugly things
  5 cyclopes
  A manticore (D:14)
  Psyche (D:8)
  Joseph (D:8)
  A gargoyle (D:12)
  2 centaur skeletons
  A tengu conjurer (D:13)
  3 meliai (D:15)
  3 trolls
  Prince Ribbit (D:6)
  A hornet (D:11)
  5 hippogriffs
  A slime creature (D:11)
  Sigmund (D:4)
  A water elemental (D:11)
  A vampire (D:11)
  4 wyverns (D:11)
  2 wraiths
  13 yaks
  A basilisk (D:15)
  Grum (D:8)
  Eustachio (D:4)
  4 hungry ghosts
  6 vampire mosquitoes
  Edmund (D:6)
  A soldier ant (D:11)
  An acid dragon (D:11)
  2 water moccasins
  A meliai simulacrum (D:9)
  7 orc warriors
  8 ice beasts
  3 sky beasts
  A slave (D:6)
  4 phantoms
  2 necrophages
  An eye of draining (D:11)
  A hornet zombie (D:13)
  17 centaurs
  2 wolves (D:8)
  6 ogres
  3 crocodiles
  3 big kobolds
  6 bullfrogs
  2 wyvern zombies
  A gnoll sergeant (D:7)
  3 scorpions
  4 wights (D:11)
  8 electric eels (D:11)
  A bullfrog zombie (D:11)
  7 howler monkeys
  5 centaur zombies
  10 crimson imps
  6 hounds
  17 jellies
  6 orc priests
  A gnoll shaman (D:8)
  2 iguanas
  12 orc wizards
  A statue (D:8)
  6 worker ants
  A hound zombie (D:9)
  3 hound skeletons
  2 worker ant zombies
  20 gnolls
  15 adders
  4 shadow imps
  8 oozes
  3 adder zombies
  A worm (D:5)
  6 dart slugs
  10 leopard geckos
  56 orcs
  11 giant cockroaches
  14 goblins
  21 hobgoblins
  9 jackals
  35 kobolds
  6 quokkas
  11 bats
  8 frilled lizards
  A quokka skeleton (D:4)
  12 rats
512 creatures vanquished.

Vanquished Creatures (collateral kills)
  A hippogriff (D:11)
  A water elemental (D:11)
  A wyvern (D:11)
  A vampire mosquito (D:14)
  Menkaure (D:6)
  A phantom (D:5)
  A howler monkey (D:7)
  A crimson imp (D:6)
  An adder (D:8)
  A leopard gecko (D:3)
  An orc (D:7)
  A giant cockroach (D:4)
  2 jackals (D:5)
  A kobold (D:10)
15 creatures vanquished.

Vanquished Creatures (others)
  3 fungi
  A plant (D:8)
4 creatures vanquished.

Grand Total: 531 creatures vanquished

Notes
Turn   | Place    | Note
-------+----------+-------------------------------------------
     0 | D:1      | Holzbalken the Demonspawn Gladiator began the quest for the
                  | Orb.
     0 | D:1      | Reached XP level 1. HP: 16/16 MP: 1/1
   242 | D:1      | Gained mutation: A weak demonic guardian rushes to your
                  | aid. [demonic ancestry]
   242 | D:1      | Reached XP level 2. HP: 22/22 MP: 2/2
   651 | D:1      | Gained mutation: You have a pair of small horns on your
                  | head. [demonic ancestry]
   651 | D:1      | Reached XP level 3. HP: 17/27 MP: 3/3
  1790 | D:2      | Gained mutation: You have sharp fingernails. [demonic
                  | ancestry]
  1790 | D:2      | Reached XP level 4. HP: 33/33 MP: 4/4
  1806 | D:2      | Found a faded altar of an unknown god.
  1859 | D:2      | Found an ancient bone altar of Kikubaaqudgha.
  1866 | D:2      | Reached skill level 1 in Unarmed Combat
  2129 | D:2      | Reached skill level 2 in Unarmed Combat
  2163 | D:2      | Found an opulent altar of Gozag.
  2264 | D:2      | Found a glowing silver altar of Zin.
  2462 | D:3      | Reached XP level 5. HP: 38/38 MP: 5/5
  2658 | D:3      | Reached skill level 3 in Unarmed Combat
  3331 | D:4      | Noticed a phantom
  3578 | D:4      | Reached skill level 4 in Unarmed Combat
  3578 | D:4      | Gained mutation: You have sharp toenails. [demonic
                  | ancestry]
  3578 | D:4      | Reached XP level 6. HP: 35/44 MP: 6/6
  3700 | D:4      | You fall through a shaft for 3 floors!
  3834 | D:6      | Noticed Menkaure
  3855 | D:6      | Killed Menkaure
  4034 | D:6      | Reached skill level 5 in Unarmed Combat
  4038 | D:6      | Gained mutation: You have very sharp fingernails. [demonic
                  | ancestry]
  4038 | D:6      | Reached XP level 7. HP: 48/50 MP: 7/7
  4058 | D:6      | Found a white marble altar of Elyvilon.
  4114 | D:6      | Found a shattered altar of Ashenzari.
  4121 | D:6      | Reached skill level 6 in Unarmed Combat
  4369 | D:6      | Became a worshipper of Ashenzari the Shackled
  4443 | D:5      | Entered Level 5 of the Dungeon
  4677 | D:4      | Reached skill level 7 in Unarmed Combat
  4869 | D:4      | Reached XP level 8. HP: 27/56 MP: 8/8
  5091 | D:4      | Noticed Eustachio
  5113 | D:4      | Killed Eustachio
  5113 | D:4      | Reached skill level 8 in Unarmed Combat
  5307 | D:4      | Noticed Sigmund
  5319 | D:4      | Killed Sigmund
  6070 | D:5      | Reached skill level 9 in Unarmed Combat
  6518 | D:5      | Found a staircase to the Ecumenical Temple.
  6539 | Temple   | Entered the Ecumenical Temple
  6766 | D:5      | Reached * piety under Ashenzari
  6810 | D:5      | Reached skill level 10 in Unarmed Combat
  7352 | D:5      | Found a sparkling altar of Nemelex Xobeh.
  7599 | D:6      | Gained mutation: You have claws for hands. [demonic
                  | ancestry]
  7599 | D:6      | Reached XP level 9. HP: 61/61 MP: 9/9
  7631 | D:6      | Noticed Edmund
  7637 | D:6      | Killed Edmund
  7734 | D:6      | Noticed Prince Ribbit
  7756 | D:6      | Killed Prince Ribbit
  8182 | D:6      | Noticed Pikel
  8207 | D:6      | Killed Pikel
  8207 | D:6      | Reached skill level 11 in Unarmed Combat
  8211 | D:6      | Found a sacrificial altar of Ru.
  8645 | D:7      | Found an iron altar of Okawaru.
  8717 | D:7      | Reached skill level 1 in Armour
  8930 | D:7      | HP: 3/63 [poisoned by a gnoll sergeant]
  9262 | D:7      | Noticed Harold
  9263 | D:7      | Gained mutation: When hurt, damage is shared between your
                  | health and your magic reserves. [demonic ancestry]
  9263 | D:7      | Reached XP level 10. HP: 46/70 MP: 10/10
  9282 | D:7      | Killed Harold
  9282 | D:7      | Reached skill level 12 in Unarmed Combat
  9784 | D:7      | Found a bloodstained altar of Trog.
 10184 | D:8      | Found a stormy altar of Qazlal.
 10184 | D:8      | Noticed Psyche
 10198 | D:8      | Killed Psyche
 10813 | D:8      | Found a radiant altar of Vehumet.
 10927 | D:8      | Noticed Joseph
 10961 | D:8      | Paralysed by fainting for 9 turns
 10973 | D:8      | Killed Joseph
 10973 | D:8      | Reached skill level 5 in Fighting
 11223 | D:8      | Noticed Grum
 11241 | D:8      | Killed Grum
 11282 | D:8      | Found a blossoming altar of Fedhas.
 11660 | D:9      | Found a sparkling altar of Nemelex Xobeh.
 11660 | D:9      | Reached ** piety under Ashenzari
 11660 | D:9      | Noticed a two-headed ogre
 11670 | D:9      | Killed a two-headed ogre
 11670 | D:9      | Reached skill level 13 in Unarmed Combat
 11758 | D:9      | Found a transporter.
 11820 | D:9      | Found a transporter.
 11835 | D:9      | Found a burning altar of Makhleb.
 12083 | D:9      | Found a burning altar of Makhleb.
 12102 | D:9      | Gained mutation: You have a pair of horns on your head.
                  | [demonic ancestry]
 12102 | D:9      | Reached XP level 11. HP: 69/80 MP: 9/11
 12793 | D:10     | Entered Level 10 of the Dungeon
 12845 | D:10     | Found Bucaad's Jewellery Shop.
 12923 | D:10     | Reached skill level 5 in Armour
 13266 | D:10     | Found a flagged portal.
 13272 | Bailey   | Entered a bailey
 13750 | D:10     | Reached *** piety under Ashenzari
 14455 | D:11     | Found a staircase to the Lair.
 14895 | D:11     | Reached skill level 14 in Unarmed Combat
 16582 | D:12     | Gained mutation: You have razor-sharp toenails. [demonic
                  | ancestry]
 16582 | D:12     | Reached XP level 12. HP: 94/94 MP: 12/12
 16911 | D:12     | Reached skill level 15 in Unarmed Combat
 16919 | D:12     | Gained mutation: You regenerate magic rapidly. [demonic
                  | ancestry]
 16919 | D:12     | Reached XP level 13. HP: 60/99 MP: 8/13
 17106 | D:12     | Found a staircase to the Orcish Mines.
 17853 | D:12     | Found a roughly hewn altar of Beogh.
 18086 | D:13     | Found a white marble altar of Elyvilon.
 18384 | D:13     | Reached **** piety under Ashenzari
 19311 | D:13     | Found Cuskek's Food Shoppe.
 19535 | D:14     | Identified the Papyrus of Sand
 19724 | D:14     | Found a gate to the Vaults.
 20437 | D:14     | Reached skill level 16 in Unarmed Combat
 20466 | D:14     | Identified Douf's Handbook of Dhcmrlchtdj
 20473 | D:14     | Identified the Catalogue of Combed Thunderclap
 20813 | D:15     | Entered Level 15 of the Dungeon
 20827 | D:15     | Reached skill level 10 in Fighting
 21339 | D:15     | Reached XP level 14. HP: 61/110 MP: 10/14
 21846 | D:15     | Paralysed by a wizard for 6 turns
 22206 | D:15     | Killed from afar by a tengu conjurer

Vault maps used:
D:1:      lemuel_arrival_cross
D:2:      lemuel_crystal_altar, zin_scriptorium,
          chequers_ecumenical_altar_simple_redux, nicolae_gozag_seed_capital
D:4:      gup_sewer_entry_pipe, uniq_eustachio, uniq_sigmund
D:5:      minmay_temple_entry_junction, first_ration,
          nemelex_xobeh_ov_fountains_minmay
D:6:      elyvilon_altar_3, evilmike_ruin_ashenzari, nicolae_ru_path_of_blood,
          uniq_menkaure, uniq_edmund, uniq_pikel, uniq_prince_ribbit1
D:7:      okawaru_altar_gauntlet_db, bloody_trog, uniq_harold
D:8:      grunt_temple_overflow_forces_of_nature, vehumet_statue, uniq_psyche,
          uniq_joseph, uniq_grum
D:9:      gammafunk_cloud_chamber, old_standard_altar, lightli_temple_of_fire,
          basic_altar
D:10:     serial_shops, shop_coins, enter_bailey_2
D:11:     erik_lair_dragon, hangedman_little_slice_of_home, fungi_pond_lemuel
D:12:     minmay_orc_entry_temple_small
D:13:     basic_altar, serial_shops, shop_fountains
D:14:     erik_vaults_1, serial_park_square1, bh_hangedman_babel_library
D:15:     gammafunk_enter_depths_forms, evilmike_butchery
Temple:   jpeg_temple_alley_garden
Bailey:   bailey_axe_2, bailey

Skill      XL: |  1  2  3  4  5  6  7  8  9 10 11 12 13 |
---------------+----------------------------------------+-----
Maces & Flails | 3 4 |  4.5
Unarmed Combat | 2 4 5 7 10 11 13 14 15 16 | 16.8
Armour         | 2 4 7 9 |  9.8
Fighting       | 3 5 8 10 | 10.3
Throwing       | |  1.7
Dodging        | |  2.6

Action                   |  1- 3 |  4- 6 |  7- 9 | 10-12 | 13-15 || total
-------------------------+-------+-------+-------+-------+-------++-------
Melee: Flail             |   101 |     1 |       |       |       ||   102
       Headbutt          |     4 |    27 |    48 |   113 |    73 ||   265
       Unarmed           |       |   179 |   314 |   543 |   371 ||  1407
       Kick              |       |     8 |    74 |   165 |   115 ||   362
       Punch             |       |     2 |     8 |    19 |    17 ||    46
Throw: Tomahawk          |       |       |       |     2 |       ||     2
Invok: Curse Item        |       |       |     2 |       |       ||     2
  Use: Scroll            |       |       |    12 |    12 |       ||    24
       Potion            |       |       |     1 |     6 |     7 ||    14
 Stab: Sleeping          |       |     1 |       |       |       ||     1
       Distracted        |       |       |     1 |     5 |     2 ||     8
  Eat: Chunk             |     3 |     7 |    13 |    24 |    15 ||    62
       Ration            |       |       |     1 |     3 |     1 ||     5
Armor: Leather armour    |    34 |    47 |    10 |       |       ||    91
       Plate armour      |       |       |   178 |   355 |   227 ||   760
Dodge: Dodged            |    70 |   102 |    78 |   172 |   126 ||   548

Table legend:
 A = Non-vault XP
 B = Vault XP
 C = Vault XP percentage of total XP
 D = Non-vault monster count
 E = Vault monster count
 F = Vault count percentage of total count
                 A         B        C        D         E       F
            +---------+---------+-------+---------+---------+-------
      Total |   44119 |   11835 |  21.2 |     424 |     102 |  19.4
            +---------+---------+-------+---------+---------+-------
        D:1 |      63 |       0 |   0.0 |      28 |       0 |   0.0
        D:2 |     125 |       0 |   0.0 |      34 |       0 |   0.0
        D:3 |     149 |       0 |   0.0 |      27 |       0 |   0.0
        D:4 |     493 |     438 |  47.0 |      15 |      10 |  40.0
        D:5 |     845 |       0 |   0.0 |      26 |       0 |   0.0
        D:6 |     996 |    1161 |  53.8 |      24 |       4 |  14.3
        D:7 |    1524 |     975 |  39.0 |      32 |       7 |  17.9
        D:8 |    1506 |    1265 |  45.7 |      40 |       6 |  13.0
        D:9 |    1851 |     795 |  30.0 |      17 |       6 |  26.1
       D:10 |    2277 |       0 |   0.0 |      34 |       0 |   0.0
       D:11 |    4671 |    1513 |  24.5 |      37 |      16 |  30.2
       D:12 |    4287 |     114 |   2.6 |      29 |      12 |  29.3
       D:13 |    6144 |       0 |   0.0 |      28 |       0 |   0.0
       D:14 |    7093 |    1780 |  20.1 |      26 |       2 |   7.1
       D:15 |   12095 |    3444 |  22.2 |      27 |       5 |  15.6
     Bailey |       0 |     350 | 100.0 |       0 |      34 | 100.0
            +---------+---------+-------+---------+---------+-------
